 Dungeon Crawl Stone Soup version 0.28-a0-980-g3664467d6e (webtiles) character file.

Game seed: 8330515631277112513

36 GregHouse the Chopper (level 3, 0/33 HPs)
             Began as a Hill Orc Monk on Dec 2, 2021.
             Frozen to death by an endoplasm (4 damage)
             ... on level 3 of the Dungeon.
             The game lasted 00:06:08 (1561 turns).

GregHouse the Chopper (Hill Orc Monk)               Turns: 1561, Time: 00:06:11

Health: 0/33       AC: 13    Str: 15    XL:     3   Next: 37%
Magic:  3/3        EV:  4    Int: 10    God:
Gold:   43         SH:  0    Dex: 13    Spells: 2/2 levels left

rFire   . . .      SeeInvis .   (no weapon)
rCold   . . .      Faith    .   (no shield)
rNeg    . . .      Spirit   .   i - +0 plate armour
rPois   .          Reflect  .   (no helmet)
rElec   .          Harm     .   h - +2 cloak
rCorr   .          Rampage  .   (no gloves)
Will    .....                   (no boots)
Stlth   ..........              (no amulet)
HPRegen 0.11/turn               (no ring)
MPRegen 0.08/turn               (no ring)

@: no status effects
A: no striking features
a: no special abilities


You were on level 3 of the Dungeon.
You visited 1 branch of the dungeon, and saw 3 of its levels.

You collected 43 gold pieces.

Inventory:

Armour
 e - a +0 ring mail
 h - a +2 cloak (worn)
 i - a +0 plate armour (worn)
Scrolls
 b - a scroll of amnesia {unknown}
 g - a scroll of vulnerability {unknown}
Potions
 c - a potion of degeneration {unknown}
 d - 2 potions of heal wounds {unknown}
 f - a potion of lignification {unknown}


   Skills:
 + Level 4.2 Fighting
 + Level 4.9 Axes
 + Level 0.3 Armour
 - Level 2.4 Dodging
 + Level 1.8 Stealth


You had 2 spell levels left.
You didn't know any spells.
Your spell library was empty.

Dungeon Overview and Level Annotations

Branches:
Dungeon (3/15)

Altars:
Xom


Message History

You climb downwards.
The endoplasm quivers.
The endoplasm hits you but does no damage. x2
There is a stone staircase leading up here.
You hit the gnoll.
The gnoll is lightly wounded.
The gnoll hits you with a +0 halberd! The endoplasm freezes you.
You are frozen.
You barely miss the gnoll.
The gnoll is lightly wounded.
The gnoll barely misses you. The endoplasm freezes you.
You are frozen.
You hit the gnoll but do no damage.
The gnoll is lightly wounded.
The gnoll hits you but does no damage. The endoplasm freezes you.
You are frozen.
You closely miss the gnoll.
The gnoll is lightly wounded.
The gnoll hits you but does no damage. The endoplasm freezes you.
You are frozen.
* * * LOW HITPOINT WARNING * * *
You hit the gnoll but do no damage.
The gnoll is lightly wounded.
The gnoll barely misses you. The endoplasm hits you.
* * * LOW HITPOINT WARNING * * *
You hit the gnoll but do no damage.
The gnoll is lightly wounded.
The gnoll hits you but does no damage.
The endoplasm hits you but does no damage.
You barely miss the gnoll.
The gnoll is lightly wounded.
The gnoll hits you with a +0 halberd.
* * * LOW HITPOINT WARNING * * *
The endoplasm freezes you.
You are frozen.
You die...

#.# #.# #.# #
#.# # #.#.#.#
#####.#.#.##$#.
...............
#@# #gJ..#
#.#### ... ##.
.# .# ..


You could see a gnoll and an endoplasm.

Vanquished Creatures
  A dart slug (D:1)
  7 ball pythons (D:1)
  3 endoplasms
  A giant cockroach (D:1)
  2 goblins
  4 hobgoblins
  3 jackals (D:1)
  3 kobolds (D:1)
  A quokka (D:1)
  2 bats (D:1)
  A frilled lizard (D:2)
  2 rats (D:1)
30 creatures vanquished.

Notes
Turn   | Place    | Note
-------+----------+-------------------------------------------
     0 | D:1      | GregHouse the Hill Orc Monk began the quest for the Orb.
     0 | D:1      | Reached XP level 1. HP: 19/19 MP: 1/1
   401 | D:1      | Reached XP level 2. HP: 27/27 MP: 2/2
   995 | D:1      | Reached XP level 3. HP: 33/33 MP: 3/3
  1429 | D:2      | Found a shimmering altar of Xom.
  1561 | D:3      | Frozen to death by an endoplasm

Illustrated notes

Levels and vault maps discovered:
D:1:      sevenhm_arrival_forest_fort_small_4, layout_loops_corners
D:2:      layout_rooms, basic_altar, serial_rivers,
          chequers_serial_rivers_micro_c, chequers_serial_rivers_micro_a,
          chequers_serial_rivers_small_b, chequers_serial_rivers_micro_b,
          chequers_serial_rivers_micro_c
D:3:      layout_basic, patterned_corridor

Skill      XL: |  1  2 |
---------------+-------+-----
Fighting       | 4 |  4.2
Axes           | |  4.9
Armour         | |  0.3
Dodging        | |  2.4
Stealth        | |  1.8

Action                   || total
-------------------------++-------
Melee: Hand axe          ||    79
       Unarmed           ||    18
 Stab: Sleeping          ||     3
Armor: Robe              ||    11
       Ring mail         ||    20
       Plate armour      ||    12
Dodge: Dodged            ||    63

Table legend: (Time is in decaauts)
 A = Elapsed time spent in this place.
 B = Non-inter-level travel time spent in this place.
 C = Inter-level travel time spent in this place.
 D = Time resting spent in this place.
 E = Time spent auto-exploring this place.
 F = Levels seen in this place.
 G = Mean time per level.
                   A        B        C        D        E       F      G
               +--------+--------+--------+--------+--------+-----+--------+
         Total |   1581 |   1565 |     16 |    247 |    909 |   3 |  527.0 |
       Dungeon |   1581 |   1565 |     16 |    247 |    909 |   3 |  527.0 |
               +--------+--------+--------+--------+--------+-----+--------+

Top non-repeatable levels by time:
     D:1: 1334 daAuts
     D:2: 235 daAuts
     D:3: 11 daAuts
